AoeStats
← ricky102603

Arabia

510757771Analyzed
1v1 RM · 18h ago on Oct 2, 2026· 17m 35s· 2 players
Game mode
Random Map
Map size
Tiny (2 player)
Population
200
Speed
Normal
Resources
Standard
Victory
Conquest
Starting age
Dark Age
Ending age
Imperial Age
RankedLock teamsTeams togetherTeam positionsShared explorationLock speedFull tech treeHidden civsTurbo modeCheats
Victory
Defeat
🇪🇸 Franks · Spain
962
+16
🇹🇼 Ethiopians · Taiwan
969
-16
diamondkev513
11:00 Feudal Age
13:41 Forging
13:28 Double-Bit Axe
16:03 Scale Barding Armor
ricky102603
4:58 Loom
6:57 Loom
10:18 Feudal Age
8:44 Loom
18:24 Castle Age
Connection lost

Rejoining the realm…

Still unreachable

The connection could not be restored.

Session expired

The server has moved on; the page needs a fresh start.